 Dungeon Crawl Stone Soup version 0.31-a0-102-g33a4ccc0cb (webtiles) character file.

Game seed: 3803302666085423098

59640 browni3141 the Marksfrog (level 14, -1/115 HPs)
             Began as a Barachi Hunter on May 26, 2023.
             Was the Champion of Okawaru.
             Slain by a +2 spectral demon trident (14 damage)
             ... created by Asterion
             ... on level 1 of the Snake Pit.
             The game lasted 00:42:47 (16868 turns).

browni3141 the Marksfrog (Barachi Hunter)          Turns: 16868, Time: 00:42:48

Health: -1/115     AC: 12    Str: 12    XL:     14   Next: 95%
Magic:  17/20      EV: 29    Int: 11    God:    Okawaru [******]
Gold:   1209       SH:  0    Dex: 26    Spells: 13/13 levels left

rFire   . . .        a - +1 longbow of Modesty {heavy, rC+ Stlth+}
rCold   + . .        (shield currently unavailable)
rNeg    . . .        Y - +2 troll leather armour {Snorg}
rPois   .            F - +0 helmet
rElec   .            K - +0 cloak
rCorr   .            s - +0 pair of gloves
SInv    .            N - +1 pair of boots
Will    +....        f - amulet of magic regeneration
Stlth   ++++++       H - +6 ring of dexterity
HPRegen 1.19/turn    L - ring of flight
MPRegen 0.57/turn

%: no passive effects
@: heroic, finesse-ful, unable to hop, flying, slow
A: amphibious, slowness 1, strong legs 2, +LOS
a: Hop, Renounce Religion, Heroism, Finesse, Duel


You were on level 1 of the Snake Pit.
You worshipped Okawaru.
Okawaru was exalted by your worship.
You visited 4 branches of the dungeon, and saw 18 of its levels.
You also visited: Ossuary.

You collected 1209 gold pieces.

Inventory:

Hand Weapons
 a - the +1 longbow of Modesty (weapon) {heavy, rC+ Stlth+}
   (Okawaru gifted it to you on level 5 of the Lair of Beasts)

   rC:        It protects you from cold.
   Stlth:     It makes you more stealthy.
 b - the +9 scimitar of a ziggurat {spect, rF+ Int+3}
   (You found it on level 4 of the Lair of Beasts)

   Int:       It affects your intelligence (+3).
   rF:        It protects you from fire.
Missiles
 i - 5 throwing nets
 T - 2 datura-tipped darts
 V - 7 curare-tipped darts
Armour
 s - a +0 pair of gloves (worn)
 F - a +0 helmet (worn)
 K - a +0 cloak (worn)
 N - a +1 pair of boots (worn)
 W - a +2 leather armour of willpower
 Y - a +2 troll leather armour (worn) {Snorg}
Jewellery
 f - an amulet of magic regeneration (around neck)
 g - a +6 ring of dexterity
 H - a +6 ring of dexterity (left hand)
 L - a ring of flight (right hand)
 O - a ring of positive energy
Wands
 q - a wand of paralysis (9)
 u - a wand of mindburst (21)
 G - a wand of flame (6)
 S - a wand of polymorph (3)
 U - a wand of acid (7)
 X - a wand of iceblast (1)
Scrolls
 d - 8 scrolls of immolation
 h - 5 scrolls of fog
 o - a scroll of silence
 t - 4 scrolls of fear
 v - a scroll of brand weapon
 x - a scroll of blinking
 y - 4 scrolls of poison
 A - 6 scrolls of magic mapping
 B - a scroll of torment
 D - a scroll of vulnerability
 J - 6 scrolls of teleportation
 P - 2 scrolls of amnesia
Potions
 c - a potion of magic
 e - 2 potions of heal wounds
 j - 2 potions of berserk rage
 k - 5 potions of attraction
 l - 6 potions of curing
 m - 6 potions of might {unknown}
 n - 2 potions of lignification {unknown}
 p - a potion of haste {unknown}
 r - 2 potions of mutation {unknown}
 z - a potion of degeneration {unknown}
 C - 5 potions of invisibility {unknown}
 E - 5 potions of enlightenment {unknown}
 I - 10 potions of ambrosia
 Q - 2 potions of brilliance {unknown}
 Z - 2 potions of cancellation {unknown}
Miscellaneous
 w - a phial of floods
 M - a tin of tremorstones (2/2)
 R - a piece from Xom's chessboard (15/15)


   Skills:
 - Level 12.0(17.0) Fighting
 * Level 9.0(14.0) Long Blades
 * Level 16.0(21.0) Ranged Weapons
 - Level 4.0(9.0) Throwing
 + Level 13.3(18.3) Dodging
 - Level 5.0(10.0) Stealth
 - Level 4.0(9.0) Shields
 - Level 8.0 Invocations
 - Level 4.0 Evocations


You had 13 spell levels left.
You didn't know any spells.
Your spell library contained the following spells:

 Spells                   Type           Power      Damage    Failure   Level
 Magic Dart               Conj           0%         1d3       41%         1
 Sting                    Tmut/Pois      0%         1d3       41%         1
 Cigotuvi's Dreadful Rot  Necr/Pois/Air  0%         N/A       56%         2
 Poisonous Vapours        Pois/Air       0%         N/A       56%         2
 Static Discharge         Conj/Air       0%         2-2/arc   56%         2
 Gell's Gravitas          Tloc           0%         N/A       80%         3
 Mephitic Cloud           Conj/Pois/Air  0%         N/A       80%         3
 Teleport Other           Tloc           0%         N/A       80%         3
 Airstrike                Air            0%         2d(0-16)  99%         4
 Dispel Undead            Necr           0%         3d6       99%         4
 Olgreb's Toxic Radiance  Pois           0%         N/A       99%         4
 Blade Hands              Tmut           0%         N/A       100%        5
 Dispersal                Tloc           0%         N/A       100%        6
 Call Imp                 Summ           Unusable   N/A       N/A         2
 Animate Armour           Summ/Erth      Unusable   N/A       N/A         4
 Summon Lightning Spire   Summ/Air       Unusable   N/A       N/A         4
 Death Channel            Necr           Unusable   N/A       N/A         6

Dungeon Overview and Level Annotations

Branches:
Dungeon (11/15)            Temple (1/1) D:6            Lair (5/5) D:11
 Shoals (0/4) Lair:2        Snake (1/4) Lair:2        Slime (0/5) Lair:4
    Orc (0/2) D:11        Ossuary (visited)

Altars:
Ashenzari
Cheibriados
Dithmenos
Elyvilon
Fedhas
Gozag
Hepliaklqana
Kikubaaqudgha
Makhleb
Nemelex Xobeh
Okawaru
Qazlal
Ru
Sif Muna
Trog
Uskayaw
Vehumet
Wu Jian
Xom
Yredelemnul
Zin
The Shining One

Annotations:
D:8 exclusion: killer bee
Lair:4 1 runed translucent door
Snake:1 Asterion


Innate Abilities, Weirdness & Mutations

You are amphibious.
You cover ground slowly.
You can hop long distances.
You have an extended range of vision and can be seen from far away.


Message History

The arrow hits the +2 spectral demon trident!!
Asterion shares his spectral weapon's damage!
The +2 spectral demon trident disappears.
Asterion completely misses you.
The +2 spectral demon trident completely misses you.
A +2 spectral demon trident comes into view.
You shoot an arrow.
The arrow closely misses the +2 spectral demon trident.
Asterion blocks the arrow.
Asterion barely misses you.
The +2 spectral demon trident completely misses you.
Unknown command.
You shoot an arrow.
The arrow hits the +2 spectral demon trident!!!
Asterion shares his spectral weapon's damage!
The +2 spectral demon trident disappears.
Asterion barely misses you. The +2 spectral demon trident hits you!
A +2 spectral demon trident comes into view.
Unknown command.
You shoot an arrow.
The arrow hits the +2 spectral demon trident!!
Asterion shares his spectral weapon's damage!
The +2 spectral demon trident disappears.
Asterion misses you.
The +2 spectral demon trident hits you but does no damage.
A +2 spectral demon trident comes into view.
You shoot an arrow.
The arrow hits the +2 spectral demon trident!
Asterion shares his spectral weapon's damage!
The +2 spectral demon trident is moderately damaged.
The +2 spectral demon trident misses you.
Asterion hits you from afar with a +2 spectral demon trident!
* * * LOW HITPOINT WARNING * * *
The +2 spectral demon trident completely misses you.
You shoot an arrow.
The arrow hits the +2 spectral demon trident.
The +2 spectral demon trident is moderately damaged.
The +2 spectral demon trident hits you!
* * * LOW HITPOINT WARNING * * *
The +2 spectral demon trident hits you!
You die...

#.# #.
#.# #†
#.# #.
#.# ##
#.#
#.#
#.#
#.#
#@#
###
#(#
#..
#H# #
#..
##2#.#
#..
#....#
#..
######
#..
#..
#..
#..


You could see Asterion (fast), a green death (summoned) and a +2 spectral demon
trident.

Vanquished Creatures
  Aizul (Snake:1)
  Snorg (D:11)
  Josephine (Lair:4)
  Harold (Lair:2)
  5 hydras
  3 catoblepae (Lair:5)
  10 death yaks
  A two-headed ogre (D:9)
  3 naga warriors (Snake:1)
  Sonja (D:10)
  3 naga sharpshooters (Snake:1)
  2 skysharks
  5 sea snakes (Snake:1)
  4 lindwurms (Lair:5)
  An orange crystal statue (Lair:4)
  A mana viper (Snake:1)
  2 salamanders
  An ugly thing (D:11)
  2 manticores (Lair:5)
  A cyclops (D:11)
  3 elephants (Lair:4)
  5 black mambas
  A merfolk siren (Lair:2)
  Maurice (D:10)
  Joseph (D:10)
  2 naga magi (Snake:1)
  A gargoyle (D:10)
  8 cane toads
  4 rime drakes
  8 komodo dragons
  Psyche (D:10)
  A polar bear (Lair:5)
  A queen bee (D:11)
  15 blink frogs
  11 dream sheep (Lair:4)
  A shadow (D:11)
  3 vampires
  48 yaks
  A wyvern (D:9)
  5 wraiths (Lair:4)
  Eustachio (D:5)
  2 basilisks
  2 steam dragons
  7 nagas (Snake:1)
  2 acid dragons
  6 water moccasins
  Duvessa (D:5)
  A sky beast (D:8)
  2 ice beasts (D:11)
  A black bear (D:4)
  5 orc warriors
  11 wolves
  2 ogres
  4 centaurs
  A phantom (D:5)
  3 kobold brigands
  11 bullfrogs
  2 gnoll sergeants
  2 scorpions (D:4)
  7 wights
  Dowan (D:4)
  33 killer bees
  6 electric eels (Snake:1)
  4 lava snakes (Lair:2)
  2 jellies
  7 orc priests
  2 hounds (D:4)
  Jessica (D:3)
  Natasha (thrice) (D:3)
  Ijyb (D:3)
  6 iguanas
  2 sleepcaps (D:7)
  5 hell rats (Lair:4)
  15 orc wizards
  12 mummies (Ossuary)
  11 gnolls
  10 adders
  An ufetubus (D:6)
  2 dart slugs
  53 orcs
  5 ball pythons
  6 bats
  9 endoplasms
  3 goblins
  11 hobgoblins
  6 jackals
  3 quokkas
  4 frilled lizards
  2 gnoll skeletons (Ossuary)
  2 goblin skeletons (Ossuary)
  20 kobolds
  2 kobold skeletons (Ossuary)
  2 orc skeletons (Ossuary)
  4 rats
  11 rat skeletons (Ossuary)
  4 spectral weapons (Snake:1)
514 creatures vanquished.

Vanquished Creatures (others)
  A bullfrog (Lair:1)
1 creature vanquished.

Grand Total: 515 creatures vanquished

Notes
Turn   | Place    | Note
-------+----------+-------------------------------------------
     0 | D:1      | browni3141 the Barachi Hunter began the quest for the Orb.
     0 | D:1      | Reached XP level 1. HP: 17/17 MP: 1/1
    73 | D:1      | Reached skill level 1 in Stealth
    73 | D:1      | Reached XP level 2. HP: 20/23 MP: 2/2
   311 | D:1      | You fall into a shaft and drop 1 floor!
   463 | D:2      | Reached XP level 3. HP: 28/28 MP: 3/3
   957 | D:1      | Reached XP level 4. HP: 34/34 MP: 4/4
  1196 | D:2      | Reached skill level 5 in Ranged Weapons
  1609 | D:3      | Identified the +1 scale mail of Divine Intervention {Str+5
                  | SInv}
  1644 | D:3      | Found a faded altar of an unknown god.
  1888 | D:3      | Noticed Natasha
  1896 | D:3      | Killed Natasha
  1909 | D:3      | Reached XP level 5. HP: 28/40 MP: 5/5
  1982 | D:3      | Noticed Ijyb
  1986 | D:3      | Paralysed by Ijyb for 3 turns
  2005 | D:3      | Paralysed by Ijyb for 5 turns
  2012 | D:3      | Killed Ijyb
  2096 | D:3      | Noticed Jessica
  2098 | D:3      | Killed Jessica
  2120 | D:3      | Found an opulent altar of Gozag.
  2169 | D:3      | Noticed Natasha
  2174 | D:3      | Killed Natasha
  2178 | D:3      | Noticed Natasha
  2187 | D:3      | Killed Natasha
  2188 | D:3      | Reached skill level 6 in Ranged Weapons
  2369 | D:3      | Reached XP level 6. HP: 46/46 MP: 6/6
  2649 | D:4      | Noticed a black bear
  2737 | D:4      | Reached skill level 7 in Ranged Weapons
  2737 | D:4      | Reached XP level 7. HP: 38/51 MP: 7/7
  2752 | D:4      | Noticed a steam dragon
  2767 | D:4      | Killed a steam dragon
  2768 | D:4      | Reached skill level 5 in Dodging
  2890 | D:4      | Found a sand-covered staircase.
  2897 | Ossuary  | Entered an ossuary
  3022 | Ossuary  | Reached skill level 1 in Evocations
  3382 | D:4      | Reached skill level 8 in Ranged Weapons
  3382 | D:4      | Reached XP level 8. HP: 58/58 MP: 8/8
  3651 | D:5      | Entered Level 5 of the Dungeon
  3657 | D:5      | Noticed Eustachio
  3720 | D:5      | Killed Eustachio
  3844 | D:5      | Noticed Duvessa
  3849 | D:5      | Noticed Dowan
  3852 | D:5      | Killed Duvessa
  4017 | D:4      | Killed Dowan
  4295 | D:5      | Found a hazy altar of Hepliaklqana.
  4312 | D:5      | Reached skill level 9 in Ranged Weapons
  4541 | D:6      | Reached XP level 9. HP: 67/67 MP: 9/9
  4610 | D:6      | Reached skill level 5 in Fighting
  4616 | D:6      | HP: 3/68 [poisoned by a water moccasin]
  4896 | D:6      | Found a staircase to the Ecumenical Temple.
  4908 | Temple   | Entered the Ecumenical Temple
  5027 | Temple   | Became a worshipper of Warmaster Okawaru
  5279 | D:6      | Found a glowing golden altar of the Shining One.
  5498 | D:6      | Found a sparkling altar of Nemelex Xobeh.
  5502 | D:6      | Found a bloodstained altar of Trog.
  5505 | D:6      | Found a snail-covered altar of Cheibriados.
  6008 | D:7      | Reached skill level 10 in Ranged Weapons
  6373 | D:8      | Reached * piety under Okawaru
  6667 | D:8      | Reached XP level 10. HP: 77/77 MP: 10/10
  6718 | D:8      | Identified the +1 spear of Dithmenos's Respect {heavy,
                  | Str+6 Dex+2}
  7036 | D:8      | Reached ** piety under Okawaru
  7037 | D:8      | Reached skill level 11 in Ranged Weapons
  7210 | D:8      | Found a blossoming altar of Fedhas.
  7216 | D:8      | Found an ancient bone altar of Kikubaaqudgha.
  7921 | D:9      | Reached *** piety under Okawaru
  8537 | D:9      | Reached skill level 12 in Ranged Weapons
  8589 | D:9      | Noticed a two-headed ogre
  8595 | D:9      | Killed a two-headed ogre
  8789 | D:10     | Entered Level 10 of the Dungeon
  8987 | D:10     | Reached XP level 11. HP: 86/87 MP: 11/11
  9000 | D:10     | Noticed Psyche
  9005 | D:10     | Killed Psyche
  9009 | D:10     | Noticed Maurice
  9016 | D:10     | Killed Maurice
  9016 | D:10     | Reached **** piety under Okawaru
  9243 | D:10     | Noticed Joseph
  9246 | D:10     | Noticed Sonja
  9251 | D:10     | Killed Joseph
  9252 | D:10     | Reached skill level 1 in Invocations
  9252 | D:10     | Killed Sonja
  9253 | D:10     | Reached skill level 10 in Dodging
  9725 | D:10     | Received a gift from Okawaru
  9726 | D:10     | Reached skill level 10 in Fighting
 10251 | D:11     | Reached skill level 1 in Shields
 10253 | D:11     | Noticed a cyan ugly thing
 10516 | D:11     | Noticed a cyclops
 10529 | D:11     | Killed a cyclops
 10614 | D:11     | Found a staircase to the Lair.
 10638 | D:11     | Killed a cyan ugly thing
 10638 | D:11     | Received a gift from Okawaru
 10674 | D:11     | Found a broken altar of Ashenzari.
 10790 | D:11     | Reached ***** piety under Okawaru
 10913 | D:11     | Found a staircase to the Orcish Mines.
 11066 | D:11     | Received a gift from Okawaru
 11184 | D:11     | Noticed Snorg
 11201 | D:11     | Killed Snorg
 11202 | D:11     | Reached skill level 1 in Throwing
 11202 | D:11     | Reached XP level 12. HP: 52/99 MP: 15/15
 11551 | Lair:1   | Entered Level 1 of the Lair of Beasts
 11799 | Lair:1   | Reached skill level 5 in Invocations
 12356 | Lair:2   | Noticed a skyshark
 12550 | Lair:2   | Received a gift from Okawaru
 12594 | Lair:2   | Found a staircase to the Shoals.
 12629 | Lair:2   | Noticed a seven-headed hydra
 12631 | Lair:2   | Noticed Harold
 12633 | Lair:2   | Killed a seven-headed hydra
 12636 | Lair:2   | Killed Harold
 12681 | Lair:2   | Found a staircase to the Snake Pit.
 12791 | Lair:2   | Noticed an eight-headed hydra
 12796 | Lair:2   | Killed an eight-headed hydra
 12805 | Lair:2   | Identified the +1 trident "Jellybane" {heavy, rF+ rC- rCorr
                  | Dex+2}
 13194 | Lair:2   | Killed a skyshark
 13362 | Lair:3   | Reached skill level 13 in Ranged Weapons
 13377 | Lair:3   | Received a gift from Okawaru
 13667 | Lair:3   | Noticed a five-headed hydra
 13671 | Lair:3   | Killed a five-headed hydra
 13672 | Lair:3   | Gained mutation: You can hop long distances. [Barachi
                  | growth]
 13672 | Lair:3   | Reached XP level 13. HP: 106/106 MP: 17/17
 13716 | Lair:3   | You fall into a shaft and drop 1 floor!
 13747 | Lair:4   | Reached skill level 5 in Stealth
 13776 | Lair:4   | Identified the +5 chain mail "Ireuffon" {Will+ rCorr Int+2
                  | Dex+4} (Okawaru gifted it to you on level 4 of the Lair of
                  | Beasts)
 13776 | Lair:4   | Received a gift from Okawaru
 14017 | Lair:4   | Found a runed translucent door.
 14019 | Lair:4   | Found a staircase to the Slime Pits.
 14019 | Lair:4   | Noticed an acid blob
 14068 | Lair:4   | Reached skill level 14 in Ranged Weapons
 14138 | Lair:4   | Noticed Josephine
 14140 | Lair:4   | Killed Josephine
 14140 | Lair:4   | Reached ****** piety under Okawaru
 14346 | Lair:4   | Identified the +2 leather armour "Likloebo" {-Tele rF++
                  | Int+2}
 14350 | Lair:4   | Identified the +9 scimitar of a ziggurat {spect, rF+ Int+3}
 14748 | Lair:5   | Entered Level 5 of the Lair of Beasts
 14764 | Lair:4   | Reached skill level 1 in Long Blades
 14848 | Lair:5   | Identified the +1 longbow of Modesty {heavy, rC+ Stlth+}
                  | (Okawaru gifted it to you on level 5 of the Lair of Beasts)
 14848 | Lair:5   | Received a gift from Okawaru
 14943 | Lair:5   | Reached XP level 14. HP: 67/115 MP: 20/20
 14999 | Lair:5   | Reached skill level 5 in Long Blades
 15006 | Lair:5   | Identified the staff of fire "Cuutuh" {rPois rF+ rC- Str-2
                  | Int+6}
 15183 | Lair:5   | Reached skill level 15 in Ranged Weapons
 15265 | Lair:5   | Received a gift from Okawaru
 15959 | Snake:1  | Entered Level 1 of the Snake Pit
 16007 | Snake:1  | Identified the +4 chain mail "Ehaeqats" {rF+ rCorr}
                  | (Okawaru gifted it to you on level 1 of the Snake Pit)
 16007 | Snake:1  | Received a gift from Okawaru
 16655 | Snake:1  | Noticed Aizul
 16672 | Snake:1  | Killed Aizul
 16800 | Snake:1  | Reached skill level 16 in Ranged Weapons
 16854 | Snake:1  | Noticed Asterion
 16868 | Snake:1  | Slain by a +2 spectral demon trident

Illustrated notes

Levels and vault maps discovered:
D:1:      elethiomel_arrival_shortcut, layout_rooms, nicolae_hexahallways,
          serial_park_tiny_2
D:2:      layout_basic
D:3:      layout_basic, grunt_gozag_breadcrumbs,
          ebering_ecumenical_altar_abandoned, columned_hall_lemuel,
          minmay_diced_spiral, uniq_ijyb, uniq_jessica, uniq_natasha
D:4:      layout_rooms, chequers_ossuary_entry_cave
D:5:      layout_basic, nicolae_overflow_crystal_walls, uniq_duvessa,
          uniq_eustachio
D:6:      layout_loops_ring, mainiacjoe_overflow_chevrons,
          grunt_temple_overflow_diamond, minmay_temple_entry_statues_pillars,
          nrook_loot_triangle
D:7:      layout_cave_pools
D:8:      layout_gridville, grunt_temple_overflow_growth_and_decay
D:9:      layout_loops_cross, serial_park_tiny_2, minmay_misc_feat_encased
D:10:     layout_long_grid, uniq_psyche, uniq_joseph, uniq_sonja, uniq_maurice
D:11:     layout_roguey [special_room_bee], hellmonk_lair_entry_icy,
          hiddenorc1_lemuel, evilmike_ruin_ashenzari, uniq_snorg
Temple:   nicolae_temple_two_arcs
Lair:1:   layout_small_grid, lemuel_old_faithful
Lair:2:   layout_chaotic_city, minmay_shoals_entry_lonely_mermaid,
          nicolae_snake_entry_warm_welcome, uniq_harold
Lair:3:   layout_misc_corridors, grunt_forest_small_clearing_treed
Lair:4:   statuecave_lemuel, layout_long_grid, slime_entry_2, uniq_josephine
Lair:5:   evilmike_catoblepas_cave, layout_regular_city, minmay_lindwurm_lava
Snake:1:  layout_basic, uniq_aizul, uniq_asterion

Skill      XL: |  1  2  3  4  5  6  7  8  9 10 11 12 13 14 |
---------------+-------------------------------------------+-----
Stealth        | 1 4 5 |  5.0
Ranged Weapons | 5 6 7 8 9 10 12 13 14 16 | 16.0
Dodging        | 3 4 5 6 7 9 10 11 12 13 | 13.3
Evocations     | 1 3 4 |  4.0
Fighting       | 3 4 6 9 10 11 12 | 12.0
Invocations    | 4 6 8 |  8.0
Shields        | 4 |  4.0
Throwing       | 1 4 |  4.0
Long Blades    | 3 9 |  9.0

Action                     |  1- 3 |  4- 6 |  7- 9 | 10-12 | 13-15 || total
---------------------------+-------+-------+-------+-------+-------++-------
  Melee: Shortbow          |       |       |     1 |       |       ||     1
         Short sword       |       |       |     7 |    35 |       ||    42
         Arbalest          |       |       |       |       |     5 ||     5
   Fire: Shortbow          |    58 |   148 |   408 |   100 |       ||   714
         Orcbow            |       |       |       |   155 |       ||   155
         Sling             |       |       |       |   448 |       ||   448
         Arbalest          |       |       |       |   103 |   181 ||   284
         Longbow           |       |       |       |       |   262 ||   262
  Throw: Dart              |       |       |       |       |     2 ||     2
 Invoke: Heroism           |       |       |       |     4 |     7 ||    11
         Finesse           |       |       |       |       |     2 ||     2
Ability: Hop               |     2 |     4 |     8 |     8 |    11 ||    33
  Evoke: Wand              |       |     1 |    10 |     8 |       ||    19
         Tin of tremorston |       |       |     2 |     2 |     2 ||     6
         Phial of floods   |       |       |       |       |     1 ||     1
    Use: Scroll            |     1 |       |    12 |     5 |     2 ||    20
         Potion            |       |       |     2 |       |     3 ||     5
 Armour: Leather armour    |     6 |    15 |    31 |    27 |       ||    79
         Scale mail        |       |     6 |       |       |       ||     6
         Troll leather arm |       |       |       |    20 |    47 ||    67
  Dodge: Dodged            |    19 |    55 |   129 |   448 |   340 ||   991
  Block: Buckler           |       |       |       |    99 |       ||    99

Table legend: (Time is in decaauts)
 A = Elapsed time spent in this place.
 B = Non-inter-level travel time spent in this place.
 C = Inter-level travel time spent in this place.
 D = Time resting spent in this place.
 E = Time spent auto-exploring this place.
 F = Levels seen in this place.
 G = Mean time per level.
                   A        B        C        D        E       F      G
               +--------+--------+--------+--------+--------+-----+--------+
         Total |  19155 |  18125 |   1030 |   1194 |  13271 |  19 | 1008.2 |
       Dungeon |  12265 |  11551 |    714 |   1013 |   8359 |  11 | 1115.0 |
        Temple |    155 |    117 |     38 |      0 |    109 |   1 |  155.0 |
          Lair |   5192 |   4915 |    277 |     71 |   3758 |   5 | 1038.4 |
     Snake Pit |   1055 |   1055 |      0 |    109 |    738 |   1 | 1055.0 |
       Ossuary |    486 |    486 |      0 |      0 |    307 |   1 |  486.0 |
               +--------+--------+--------+--------+--------+-----+--------+

Top non-repeatable levels by time:
     D:8: 1481 daAuts
    D:11: 1420 daAuts
    D:10: 1391 daAuts
     D:9: 1355 daAuts
  Lair:5: 1314 daAuts
     D:3: 1210 daAuts
     D:6: 1120 daAuts
  Lair:2: 1088 daAuts
     D:2: 1081 daAuts
  Lair:4: 1070 daAuts
 Snake:1: 1055 daAuts
     D:4: 989 daAuts
  Lair:1: 925 daAuts
     D:7: 802 daAuts
  Lair:3: 794 daAuts
